 Dungeon Crawl Stone Soup version 0.20-a0-760-g49f5558 (webtiles) character file.

491 polly the Slasher (level 6, 0/55 HPs)
             Began as a Draconian Berserker on Feb 25, 2017.
             Was a Priest of Trog.
             Slain by an orc
             ... wielding a +0 short sword
              (1 damage)
             ... on level 4 of the Dungeon.
             The game lasted 00:03:57 (3182 turns).

polly the Slasher (Draconian Berserker)             Turns: 3182, Time: 00:03:57

Health: 0/55       AC:  6    Str: 20    XL:     6   Next: 91%
Magic:  6/6        EV: 14    Int:  7    God:    Trog [***...]
Gold:   152        SH:  0    Dex: 12    Spells: 5/5 levels left

rFire    . . .     SeeInvis .   a - +0 falchion
rCold    . . .     Gourm    .   (armour unavailable)
rNeg     . . .     Faith    .   (no shield)
rPois    .         Spirit   .   (helmet restricted)
rElec    .         Reflect  .   (no cloak)
rCorr    .         Harm     .   (no gloves)
MR       .....                  (no boots)
Stlth    ++........             (no amulet)
Regen    0.2/turn               (no ring)
MPRegen  0.1/turn               (no ring)

@: no status effects
A: unfitting armour, cold-blooded, AC +6
a: Berserk, Trog's Hand, Burn Spellbooks, Renounce Religion


You were on level 4 of the Dungeon.
You worshipped Trog.
Trog was most pleased with you.
You were near starving.

You visited 1 branch of the dungeon, and saw 4 of its levels.

You collected 152 gold pieces.

Inventory:

Hand Weapons
 a - a +0 falchion (weapon)
Wands
 c - a wand of iceblast (7/15)
 q - a wand of iceblast (5/15)
 s - a wand of acid (10/15)
Scrolls
 d - 2 scrolls of identify {unknown}
 f - 3 scrolls of remove curse {unknown}
 i - 2 scrolls of amnesia {unknown}
 m - a scroll of fear {unknown}
 n - 2 scrolls of magic mapping {unknown}
 r - a scroll of noise {unknown}
Potions
 e - a potion of agility {unknown}
 h - a potion of haste
 j - a potion of might
 k - a potion of degeneration {unknown}
Books
 p - Sif Muna's Compendium of Moulding
   (You found it on level 3 of the Dungeon)

   Spells                             Type                      Level
   a - Beastly Appendage              Transmutation                1
   Trog disapproves of the use of such an item.
Comestibles
 b - 3 bread rations
 g - 2 meat rations
 l - 4 fruits
 o - a royal jelly


   Skills:
 + Level 4.8 Fighting
 + Level 5.6 Long Blades
 * Level 4.2 Dodging
 + Level 2.3 Stealth


You had 5 spell levels left.
You didn't know any spells.

Dungeon Overview and Level Annotations

Branches:
Dungeon (4/15)
 Temple: D:4-7

Altars:
Fedhas
Kikubaaqudgha
Qazlal
Sif Muna
Trog
Vehumet
Wu Jian
The Shining One


Innate Abilities, Weirdness & Mutations

Your plain brown scales are hard. (AC +6)
You cannot fit into any form of body armour.
You are cold-blooded and may be slowed by cold attacks.


Message History

* * * LOW HITPOINT WARNING * * *
The orc barely misses you.
You closely miss the orc. The orc hits you with a short sword.
* * * LOW HITPOINT WARNING * * *
The orc barely misses you.
You riposte.
You hit the orc but do no damage.
You're too hungry.
You slash the orc!
You kill the orc!
Trog accepts your kill. The orc closely misses you.
You barely miss the orc.
Your tail-slap misses the orc.
The orc closely misses you. The orc barely misses you.
You hit the orc.
Your tail-slap misses the orc.
The orc is moderately wounded.
The orc hits you with a short sword.
* * * LOW HITPOINT WARNING * * *
You hit the orc but do no damage.
Your tail-slap misses the orc.
The orc is moderately wounded.
The orc hits you with a short sword.
You die...

+...#######+
#...#........#
#...#........#
##..#........#
#...#........#
#...#........#
#...#........# ..
#...#..o))...#
....###.#...@)...#
........##'#######
..................
..................
..................
..................
....#######.......
#########.....########
#......)......#


You could see an orc.

Vanquished Creatures
  An ogre (D:4)
  The ghost of knot the Sneak, an amateur DsAs (D:3)
  An orc priest (D:4)
  Ijyb (D:2)
  2 orc wizards (D:4)
  A worker ant (D:4)
  Robin (D:2)
  A gnoll (D:1)
  3 adders
  2 oozes
  A worm (D:2)
  4 dart slugs
  4 leopard geckos
  9 orcs
  3 ball pythons
  9 bats
  3 giant cockroaches
  14 goblins
  11 hobgoblins
  11 jackals
  6 frilled lizards
  6 kobolds
  11 rats
106 creatures vanquished.

Vanquished Creatures (others)
  An orc wizard (D:4)
1 creature vanquished.

Grand Total: 107 creatures vanquished

Notes
Turn   | Place    | Note
-------+----------+-------------------------------------------
     0 | D:1      | polly the Draconian Berserker began the quest for the Orb.
     0 | D:1      | Reached XP level 1. HP: 19/19 MP: 1/1
    69 | D:1      | Reached XP level 2. HP: 19/26 MP: 2/2
   464 | D:1      | Reached XP level 3. HP: 25/31 MP: 3/3
   480 | D:1      | Reached ** piety under Trog
   765 | D:2      | Noticed Robin
   784 | D:2      | Reached XP level 4. HP: 35/40 MP: 4/4
   812 | D:2      | Killed Robin
   812 | D:2      | Reached skill level 4 in Long Blades
  1032 | D:2      | Found a stormy altar of Qazlal.
  1145 | D:2      | Found a glowing golden altar of the Shining One.
  1256 | D:2      | Noticed Ijyb
  1286 | D:2      | Killed Ijyb
  1286 | D:2      | Reached skill level 1 in Stealth
  1286 | D:2      | Reached XP level 5. HP: 37/46 MP: 5/5
  1539 | D:2      | Found a blossoming altar of Fedhas.
  1571 | D:2      | Found a bloodstained altar of Trog.
  1679 | D:2      | Reached *** piety under Trog
  1999 | D:3      | Noticed knot's ghost (amateur DsAs)
  2012 | D:3      | Killed knot's ghost
  2012 | D:3      | Reached skill level 5 in Long Blades
  2111 | D:3      | Found an ornate altar of the Wu Jian Council.
  2131 | D:3      | Found an ancient bone altar of Kikubaaqudgha.
  2131 | D:3      | Found a deep blue altar of Sif Muna.
  2133 | D:3      | Found a radiant altar of Vehumet.
  2137 | D:3      | Identified Sif Muna's Compendium of Moulding
  2317 | D:3      | Reached XP level 6. HP: 45/53 MP: 6/6
  2798 | D:4      | Found a deep blue altar of Sif Muna.
  3181 | D:4      | HP: 1/55 [orc/short sword (2)]
  3182 | D:4      | Slain by an orc

Vault maps used:
D:1:      onia_arrival_handbag
D:2:      tso_altar, overflow_temple_1_default, lightli_temple_of_fire,
          fedhas_altar_2, uniq_iyjb, uniq_robin
D:3:      grunt_temple_overflow_magic_moments, nicolae_overflow_hidden_temple,
          hex_tiny, kennysheep_generic_room_5
D:4:      serial_bayou_lagoon_a, minivault_25, fountainhead, led_sif_pool

Skill      XL: |  1  2  3  4  5  6 |
---------------+-------------------+-----
Dodging        | 3 4 |  4.2
Fighting       | 4 |  4.8
Long Blades    | 4 5 |  5.6
Stealth        | 1 2 |  2.3

Action                   |  1- 3 |  4- 6 || total
-------------------------+-------+-------++-------
Melee: Falchion          |   113 |   200 ||   313
       Tailslap          |    19 |    31 ||    50
Invok: Berserk           |       |     1 ||     1
  Use: Potion            |     1 |     4 ||     5
 Stab: Sleeping          |     3 |     2 ||     5
       Distracted        |     1 |       ||     1
  Eat: Chunk             |       |     7 ||     7
Armor: Skin              |    36 |    78 ||   114
Dodge: Dodged            |   103 |   155 ||   258
       Rpst.: Falchion   |    24 |    48 ||    72
